[Event "Sunday07 January Rapid Engine Tour 12+1 Rounds 9 Starts 1600 ST"]
[Site "Infinity Chess"]
[Date "2018.1.7"]
[Round "6"]
[White "THE_MACHINE"]
[Black "SkyPilot"]
[Result "1/2-1/2"]
[ECO "B90"]
[WhiteElo "2520"]
[BlackElo "2487"]
[WhiteEngine "BrainFish_180106_x64_bmi2"]
[BlackEngine "stockfish_x64_bmi2_2018_01_01_CTG"]
[EventType "Swiss"]
[WhiteTeam ""]
[BlackTeam ""]
[PlyCount "187"]
[TimeControl "720+1"]

1. e4 c5 2. Nf3 d6 3. d4 cxd4 4. Nxd4 Nf6 5. Nc3 a6 6. Be3 e5 7. Nb3 Be6 
8. Be2 Be7 9. Qd3 Nbd7 10. Nd5 O-O 11. O-O Bxd5 12. exd5 b6 13. c3 Ne8 
14. f4 Nef6 15. Rad1 b5 16. Kh1 Re8 17. g4 exf4 18. Bxf4 Nb6 19. Qf3 Bf8 
20. Rd4 Nfd7 21. Nd2 Ra7 22. g5 Ne5 23. Qf2 Qa8 24. Qg2 Ng6 25. Bg3 Na4 
26. Ne4 Nxb2 27. Nxd6 Bxd6 28. Bxd6 Na4 29. c4 bxc4 30. Bxc4 Rd7 31. Bg3 Nc3 
32. d6 Ne2 33. Bxe2 Qxg2+ 34. Kxg2 Rxe2+ 35. Kh3 h5 36. gxh6 gxh6 37. Rc1 Kg7 
38. Rc7 Rd8 39. Rc5 Nf8 40. Rg4+ Ng6 41. Rd4 Nf8 42. Rg4+ Ng6 43. Ra4 Rd2 
44. Rxa6 Nf8 45. Rf5 Ne6 46. Rf2 Ng5+ 47. Kg2 Rd5 48. Ra7 Kg6 49. Re7 f5 
50. Be5 Nf7 51. Re6+ Kh7 52. Bf4 Kg8 53. a4 Nxd6 54. Rxd6 R5xd6 55. Bxd6 Rxd6 
56. a5 Kg7 57. Ra2 Ra6 58. Kf2 Kg6 59. Ra1 Kh5 60. Kg2 Kg6 61. Ra3 Kg5 
62. Ra4 Kf6 63. Kg3 Ke5 64. Kf3 Kf6 65. Ke3 Kg5 66. Kd3 Kg6 67. Kc4 f4 
68. Kd3 Kf5 69. Ke2 Ke5 70. Kf3 Kd6 71. Kxf4 Kc7 72. Kf5 Rc6 73. Rd4 Rc2 
74. h4 Rc5+ 75. Kg6 Rc6+ 76. Kh5 Re6 77. Rc4+ Kd7 78. Rd4+ Kc7 79. Rc4+ Kd7 
80. Ra4 Kc7 81. Ra3 Rc6 82. Ra2 Kb7 83. Ra4 Kc8 84. Rb4 Kc7 85. Ra4 Re6 
86. Rd4 Rc6 87. Rd1 Kb7 88. Rb1+ Kc7 89. Rb3 Rd6 90. Ra3 Ra6 91. Kg4 Rc6 
92. Kf5 Rc5+ 93. Kg6 Rc6+ 94. Kh5 1/2-1/2

[Event "Sunday07 January Rapid Engine Tour 12+1 Rounds 9 Starts 1600 ST"]
[Site "Infinity Chess"]
[Date "2018.1.7"]
[Round "6"]
[White "KRAKEN"]
[Black "xeonrocks"]
[Result "1/2-1/2"]
[ECO "D31"]
[WhiteElo "2473"]
[BlackElo "2512"]
[WhiteEngine "Raubfisch X37b2_CTG"]
[BlackEngine "asmFishW_CTG"]
[EventType "Swiss"]
[WhiteTeam ""]
[BlackTeam ""]
[PlyCount "87"]
[TimeControl "720+1"]

1. d4 d5 2. c4 e6 3. Nc3 c6 4. Nf3 Nf6 5. Bg5 h6 6. Bxf6 Qxf6 7. e3 g6 
8. Ne5 Bg7 9. f4 O-O 10. Be2 c5 11. cxd5 cxd4 12. Qxd4 Nd7 13. Ne4 Qh4+ 
14. g3 Qd8 15. dxe6 Nxe5 16. fxe5 Bxe6 17. O-O Rc8 18. Nf6+ Bxf6 19. Rxf6 Rc2 
20. Qe4 Bf5 21. Rxf5 Rxe2 22. Rf6 Qd2 23. e6 Qxe3+ 24. Qxe3 Rxe3 25. exf7+ Kg7 
26. Raf1 Re2 27. R1f2 Rxf2 28. Rxf2 Rxf7 29. Rxf7+ Kxf7 30. Kf2 Kf6 31. Kf3 Kf5 
32. a3 Ke5 33. g4 Kd4 34. g5 h5 35. h4 b5 36. b4 Kc4 37. Kf4 Kb3 38. Ke5 Kxa3 
39. Kf6 Kxb4 40. Kxg6 Kc5 41. Kxh5 b4 42. g6 b3 43. g7 b2 44. g8=Q 1/2-1/2

[Event "Sunday07 January Rapid Engine Tour 12+1 Rounds 9 Starts 1600 ST"]
[Site "Infinity Chess"]
[Date "2018.1.7"]
[Round "6"]
[White "Harry_Potter"]
[Black "fati64"]
[Result "1/2-1/2"]
[ECO "A00"]
[WhiteElo "2542"]
[BlackElo "2494"]
[WhiteEngine "stockfish_18010422_x64_bmi2_CTG"]
[BlackEngine "Raubfisch ME262_GTZ16b1."]
[EventType "Swiss"]
[WhiteTeam ""]
[BlackTeam ""]
[PlyCount "121"]
[TimeControl "720+1"]

1. g3 e5 2. c4 Nf6 3. Nc3 d5 4. cxd5 Nxd5 5. Bg2 Nb6 6. a3 Nc6 7. d3 Be7 
8. Nf3 Be6 9. Be3 Nd4 10. O-O Nxf3+ 11. exf3 O-O 12. Re1 Re8 13. Bxb6 axb6 
14. Rxe5 c6 15. Qc2 Bf6 16. Re2 Bd4 17. f4 Qd7 18. Rae1 g6 19. Bf3 Rad8 
20. Ne4 Bf5 21. Qb3 Bh3 22. Qb4 h6 23. a4 Re6 24. Qb3 Kg7 25. Qc2 Ra8 
26. Kh1 Re7 27. Kg1 Kg8 28. Qd1 Ra5 29. b4 Ra8 30. Qc2 Rae8 31. Rb1 Kf8 
32. Nc3 h5 33. a5 b5 34. Rxe7 Qxe7 35. Qd2 Bg4 36. Bxg4 hxg4 37. Kf1 f5 
38. Ne2 Bf6 39. Ng1 Qh7 40. Rc1 Re6 41. Qc2 Rd6 42. h3 gxh3 43. Nf3 Qd7 
44. d4 Bxd4 45. Kg1 Bf6 46. Qc5 Kg7 47. Kh2 Rd1 48. Kxh3 Rxc1 49. Qxc1 Qd5 
50. Kg2 Be7 51. Qc3+ Kf7 52. Kh2 Ke6 53. Kg2 c5 54. bxc5 Bxc5 55. Qg7 b4 
56. a6 bxa6 57. Qg8+ Kd6 58. Qd8+ Ke6 59. Qg8+ Kd6 60. Qd8+ Ke6 61. Qg8+ 1/2-1/2

[Event "Sunday07 January Rapid Engine Tour 12+1 Rounds 9 Starts 1600 ST"]
[Site "Infinity Chess"]
[Date "2018.1.7"]
[Round "5"]
[White "MGR"]
[Black "Dovahkiin"]
[Result "1/2-1/2 "]
[ECO "D30"]
[WhiteElo "2470"]
[BlackElo "2388"]
[WhiteEngine "asmFishW_2017-11-19_bmi2"]
[BlackEngine "BrainFish_180106_x64_modern_CTG"]
[EventType "Swiss"]
[WhiteTeam ""]
[BlackTeam ""]
[PlyCount "219"]
[TimeControl "720+1"]

1. d4 d5 2. c4 e6 3. Nf3 Nf6 4. g3 Be7 5. Bg2 O-O 6. O-O dxc4 7. Ne5 Nc6 
8. Bxc6 bxc6 9. Nxc6 Qe8 10. Nxe7+ Qxe7 11. Qa4 e5 12. dxe5 Qxe5 13. Nc3 Ne4 
14. Qxc4 Nxc3 15. bxc3 Be6 16. Qd3 Rad8 17. Qf3 Rfe8 18. Be3 Qxc3 19. Bxa7 Qxf3 
20. exf3 Ra8 21. Be3 Bxa2 22. Kg2 Bd5 23. g4 Rxa1 24. Rxa1 Ra8 25. Rb1 g6 
26. Kg3 Kg7 27. Bd4+ Kf8 28. Re1 Rb8 29. Bc5+ Kg7 30. Bd4+ Kf8 31. Bc5+ Kg7 
32. Re5 c6 33. g5 Rb3 34. Bd4 Kf8 35. Bc5+ Kg7 36. Re3 Rb5 37. Rc3 h6 
38. Bd4+ Kh7 39. h4 hxg5 40. hxg5 Kg8 41. Bc5 Kg7 42. Kf4 Ra5 43. Bb6 Rb5 
44. Bc5 Ra5 45. Be7 Ra2 46. Bf6+ Kf8 47. Ke5 Rxf2 48. Ra3 Ra2 49. Rd3 Ke8 
50. Kd6 Ra5 51. Re3+ Kf8 52. f4 Bg2 53. Re2 Bf3 54. Rf2 Ra3 55. Rb2 Ra8 
56. Rb7 c5 57. Rc7 c4 58. Rxc4 Ra6+ 59. Kc5 Rc6+ 60. Kd4 Rxc4+ 61. Kxc4 Ke8 
62. f5 gxf5 63. Be5 Ke7 64. Kc3 Ke6 65. Kd4 Bd5 66. Bg3 Ba8 67. Bf4 Bd5 
68. Kc3 Bf3 69. Kd4 Bg4 70. Kc4 Bf3 71. Kc5 Bh5 72. Kd4 Bg4 73. Bd2 Bh3 
74. Ke3 Bg2 75. Ba5 Be4 76. Bb4 Bb7 77. Kf4 Be4 78. Ke3 Bb7 79. Ba5 Bc8 
80. Be1 Kd5 81. Kf3 Bb7 82. Kg3 Ke5 83. Bb4 f4+ 84. Kg4 Bc8+ 85. Kh5 Kf5 
86. Bd6 Ba6 87. Kh4 Be2 88. Bc7 Bd1 89. Bd8 Bb3 90. Bc7 Bc2 91. g6 fxg6 
92. Bd8 Bd1 93. Be7 Be2 94. Bg5 Bb5 95. Bd8 Ba6 96. Be7 Be2 97. Bd8 Bd3 
98. Be7 Be4 99. Bd8 Bf3 100. Bg5 Bd1 101. Bd8 Bb3 102. Bg5 Bd1 103. Bh6 Ke4 
104. Bf8 Kf5 105. Bh6 Be2 106. Bg5 Bh5 107. Be7 Ke6 108. Bd8 Kf5 109. Bg5 Ke5 
110. Bh6 1/2-1/2

[Event "Sunday07 January Rapid Engine Tour 12+1 Rounds 9 Starts 1600 ST"]
[Site "Infinity Chess"]
[Date "2018.1.7"]
[Round "5"]
[White "IronMan"]
[Black "CoffeeOne"]
[Result "1/2-1/2"]
[ECO "A05"]
[WhiteElo "2401"]
[BlackElo "2483"]
[WhiteEngine "Stockfish SL BMI2"]
[BlackEngine "ĉfish-2018-01-07"]
[EventType "Swiss"]
[WhiteTeam ""]
[BlackTeam ""]
[PlyCount "67"]
[TimeControl "720+1"]

1. Nf3 Nf6 2. b3 d5 3. e3 e6 4. Bb2 Nbd7 5. c4 Bd6 6. d4 O-O 7. g3 dxc4 
8. bxc4 b6 9. Bg2 Bb7 10. O-O c5 11. Nc3 cxd4 12. exd4 Re8 13. Re1 Rc8 
14. Rc1 Bf8 15. Nb1 g6 16. Nbd2 Qc7 17. Nf1 Bg7 18. Ne3 Ne4 19. Qe2 f5 
20. Red1 Bc6 21. d5 Ba4 22. dxe6 Bxd1 23. Rxd1 Ndc5 24. Nd4 Bxd4 25. Bxd4 Rxe6 
26. Ba1 h5 27. Nd5 Qf7 28. Qb2 Kh7 29. f3 Nd6 30. Qd4 Qf8 31. Qh4 Qf7 
32. Qd4 Qf8 33. Qh4 Qf7 34. Qd4 1/2-1/2

[Event "Sunday07 January Rapid Engine Tour 12+1 Rounds 9 Starts 1600 ST"]
[Site "Infinity Chess"]
[Date "2018.1.7"]
[Round "5"]
[White "MarioDeMonti"]
[Black "angriff"]
[Result "1/2-1/2"]
[ECO "B00"]
[WhiteElo "2419"]
[BlackElo "2378"]
[WhiteEngine "stockfish_x64_bmi2_2017_12_26_CTG"]
[BlackEngine "SF_64BIT_POPCNT_CTG"]
[EventType "Swiss"]
[WhiteTeam ""]
[BlackTeam ""]
[PlyCount "155"]
[TimeControl "720+1"]

1. e4 Nc6 2. Nf3 e5 3. Bc4 Bc5 4. O-O Nf6 5. d3 d6 6. c3 O-O 7. Bg5 a5 8. a4 h6 
9. Bh4 g5 10. Bg3 Kg7 11. Nbd2 Ba7 12. Nb3 Ne7 13. Nxa5 Ng6 14. Qd2 g4 
15. Nh4 Nxh4 16. Bxh4 Nxe4 17. Bxd8 Nxd2 18. Bxc7 Nxf1 19. Kxf1 Bb8 20. Bb6 Ba7 
21. Bc7 Bb8 22. Bb6 Re8 23. b4 Re7 24. Bd5 Be6 25. Bxe6 fxe6 26. Nc4 Bc7 
27. a5 Bxb6 28. Nxb6 Rd8 29. b5 Rc7 30. c4 Rf8 31. Ke2 Rcf7 32. Rf1 Kf6 
33. c5 dxc5 34. Nc4 Rd8 35. f4 gxf3+ 36. Rxf3+ Ke7 37. Rxf7+ Kxf7 38. Nxe5+ Kf6 
39. Nc4 e5 40. Nb6 Rg8 41. Nd7+ Ke7 42. Nxc5 b6 43. axb6 Rxg2+ 44. Kf3 Rb2 
45. b7 Rxb5 46. Kg4 Rb2 47. h4 Kd6 48. Ne4+ Kd5 49. Kh5 Rb6 50. b8=Q Rxb8 
51. Kxh6 Ke6 52. h5 Rg8 53. Kh7 Rg1 54. h6 Rg4 55. Nc5+ Kf7 56. Nd7 Rg5 
57. Nc5 Rg1 58. Nb7 Rg6 59. Nd8+ Kf6 60. Nc6 Rg3 61. Nb4 Rg6 62. Nc6 Rg5 
63. Nb8 Ke6 64. Nc6 Kf6 65. Nb8 Ke6 66. Nc6 Kf7 67. Nd8+ Ke8 68. Ne6 Rg3 
69. Nc5 Rg4 70. Ne4 Rg1 71. Nd6+ Kf8 72. Nb7 Rg3 73. Na5 Rf3 74. Nc6 e4 
75. dxe4 Rh3 76. e5 Kf7 77. e6+ Kxe6 78. Kg7 1/2-1/2

[Event "Sunday07 January Rapid Engine Tour 12+1 Rounds 9 Starts 1600 ST"]
[Site "Infinity Chess"]
[Date "2018.1.7"]
[Round "5"]
[White "KillBill2017"]
[Black "Satria_Ungu"]
[Result "1-0"]
[ECO "C55"]
[WhiteElo "2415"]
[BlackElo "2434"]
[WhiteEngine "Raubfisch ME262_GTZ16b1._CTG"]
[BlackEngine "Houdini 6_CTG"]
[EventType "Swiss"]
[WhiteTeam ""]
[BlackTeam ""]
[PlyCount "177"]
[TimeControl "720+1"]

1. e4 e5 2. Nf3 Nc6 3. Bc4 Nf6 4. d3 Bc5 5. c3 d6 6. O-O a6 7. a4 O-O 8. Re1 Ba7 
9. h3 Re8 10. b4 h6 11. Nbd2 Qe7 12. Bb3 Be6 13. Nc4 Red8 14. Ne3 Re8 
15. Nd5 Qd8 16. a5 Bxd5 17. exd5 Ne7 18. Ba4 c6 19. c4 Rb8 20. Bd2 Qd7 
21. Bc3 Qc7 22. dxc6 bxc6 23. Nh4 Qc8 24. Qf3 Nh7 25. Qg3 Qd7 26. Rab1 Nf6 
27. Qf3 Nh7 28. Bb3 Nf6 29. Ba4 Nh7 30. d4 Ng5 31. Qg4 Qxg4 32. hxg4 Bxd4 
33. Bxd4 exd4 34. b5 g6 35. bxa6 Rxb1 36. Rxb1 Ra8 37. f4 Rxa6 38. fxg5 Rxa5 
39. Rb8+ Kg7 40. gxh6+ Kxh6 41. Bb3 c5 42. Nf3 Ra6 43. Bc2 Kg7 44. Rb7 Kf6 
45. Kh2 Nc6 46. Be4 g5 47. Bxc6 Rxc6 48. Rb1 d5 49. Rf1 Ke7 50. cxd5 Rc8 
51. Kg3 d3 52. Kf2 Rd8 53. Nxg5 Rxd5 54. Re1+ Kf8 55. Ne4 c4 56. Ke3 Ra5 
57. Rf1 Ke7 58. Rf2 Ra8 59. Kd4 Rg8 60. g5 Rc8 61. Kc3 Rc7 62. Rf5 Rd7 
63. Re5+ Kf8 64. Nf6 Rd8 65. Rd5 Rc8 66. Rd4 Ra8 67. Kxc4 Ra2 68. g4 d2 
69. Kc3 Ke7 70. Rxd2 Ra6 71. Re2+ Kd6 72. Kd3 Ra3+ 73. Ke4 Ra4+ 74. Kf3 Rb4 
75. Ng8 Ra4 76. Nh6 Ra3+ 77. Kf4 Ra4+ 78. Kf5 Ra5+ 79. Kf6 Ra6 80. g6 Kd7+ 
81. Kxf7 Ra3 82. g7 Rf3+ 83. Nf5 Kc6 84. g8=Q Rd3 85. Qc8+ Kb5 86. Rb2+ Rb3 
87. Rxb3+ Ka4 88. Qc4+ Ka5 89. Qb5# 1-0

[Event "Sunday07 January Rapid Engine Tour 12+1 Rounds 9 Starts 1600 ST"]
[Site "Infinity Chess"]
[Date "2018.1.7"]
[Round "5"]
[White "hafaba"]
[Black "Thinker"]
[Result "1/2-1/2 "]
[ECO "A06"]
[WhiteElo "2421"]
[BlackElo "2441"]
[WhiteEngine "SF SL 03012018 POPCNT_CTG"]
[BlackEngine "BrainFish_180106_x64_modern_CTG"]
[EventType "Swiss"]
[WhiteTeam ""]
[BlackTeam ""]
[PlyCount "150"]
[TimeControl "720+1"]

1. Nf3 d5 2. d4 Nf6 3. c4 e6 4. Nc3 Be7 5. Bf4 O-O 6. e3 Nbd7 7. Qc2 c5 
8. Rd1 cxd4 9. Rxd4 Qa5 10. Bg3 b5 11. cxb5 Bb7 12. Be2 Rfc8 13. O-O Bb4 
14. Ne5 Nxe5 15. Bxe5 Ne4 16. Bd3 f6 17. Bxe4 dxe4 18. Qb3 Bxc3 19. bxc3 fxe5 
20. Qxe6+ Kh8 21. Rd7 Rc7 22. Rfd1 Rxd7 23. Qxd7 Rb8 24. c4 a6 25. h3 axb5 
26. cxb5 Ba8 27. a4 Rg8 28. Ra1 h6 29. Ra2 Qb4 30. Qd2 Qb3 31. Qc2 Bd5 
32. Qxb3 Bxb3 33. Ra3 Bd5 34. a5 Rb8 35. a6 Rxb5 36. a7 Kh7 37. a8=Q Bxa8 
38. Rxa8 Rb1+ 39. Kh2 Rb2 40. Ra5 Rxf2 41. Rxe5 Re2 42. Rxe4 g5 43. Kg3 Kg6 
44. Kf3 Re1 45. Rb4 Rf1+ 46. Ke2 Ra1 47. Kf2 Kf6 48. Rb6+ Kg7 49. Rb5 Kf6 
50. Rb6+ Kg7 51. Rb5 Kg6 52. Kf3 Rf1+ 53. Ke2 Ra1 54. Rb7 Ra2+ 55. Kf3 h5 
56. Rb6+ Kf7 57. Kg3 Rc2 58. Rb1 Ke6 59. Kf3 g4+ 60. hxg4 hxg4+ 61. Kg3 Re2 
62. Rb4 Rxe3+ 63. Kxg4 Kf7 64. Rb6 Re5 65. g3 Kg7 66. Rb7+ Kf6 67. Rb6+ Kf7 
68. Ra6 Kg7 69. Kf4 Re1 70. g4 Rf1+ 71. Kg5 Rc1 72. Kh5 Kf7 73. Rb6 Rh1+ 
74. Kg5 Rc1 75. Rb5 Kg7 1/2-1/2

[Event "Sunday07 January Rapid Engine Tour 12+1 Rounds 9 Starts 1600 ST"]
[Site "Infinity Chess"]
[Date "2018.1.7"]
[Round "5"]
[White "OlivierEvan"]
[Black "Coco69"]
[Result "1/2-1/2"]
[ECO "A20"]
[WhiteElo "2358"]
[BlackElo "2424"]
[WhiteEngine "Houdini 6"]
[BlackEngine "BrainFish_180106_x64"]
[EventType "Swiss"]
[WhiteTeam ""]
[BlackTeam ""]
[PlyCount "329"]
[TimeControl "720+1"]

1. c4 e5 2. g3 Nf6 3. Bg2 c6 4. d4 e4 5. a3 d5 6. cxd5 cxd5 7. Nh3 Bf5 
8. Bg5 Nbd7 9. O-O h6 10. Bxf6 Nxf6 11. f3 Qd7 12. Nf2 exf3 13. exf3 Be7 
14. Re1 O-O 15. Nc3 Rac8 16. Bf1 a6 17. Nd3 Rfe8 18. Ne5 Qc7 19. Rc1 Qb6 
20. Qd2 Qa7 21. Kg2 b5 22. Na2 Bd6 23. Nb4 Qb6 24. h4 Be6 25. Qf2 a5 
26. Nbd3 Nd7 27. f4 Nf6 28. f5 Bd7 29. Nc5 Bc6 30. b4 axb4 31. axb4 Ra8 
32. Bd3 Re7 33. Re2 Ra3 34. Qf4 Qb8 35. Rce1 Qe8 36. Qc1 Rea7 37. Bb1 Qa8 
38. Re3 Rxe3 39. Rxe3 h5 40. Kh3 Ra1 41. Qb2 Ra7 42. Qc1 Ra1 43. Qb2 Be8 
44. Kg2 Ra7 45. Kh3 Re7 46. Kg2 Bc6 47. Bd3 Ra7 48. Bb1 Re7 49. Bd3 Qc8 
50. Qa2 Be8 51. Qe2 Ra7 52. Bb1 Kh7 53. Qb2 Qc7 54. Qc3 Kh8 55. Re2 Qc8 
56. Qb2 Qb8 57. Kh3 Kg8 58. Kg2 Ra8 59. Re3 Kh7 60. Qe2 Qc7 61. Qb2 Ra7 
62. Qc2 Kh8 63. Qc3 Qb8 64. Kf1 Kg8 65. Kg1 Re7 66. Kg2 Ra7 67. Qb2 Kh7 
68. Qe2 Ra8 69. Qb2 Ra7 70. Qe2 Qa8 71. Qb2 Kg8 72. Qc1 Qb8 73. Qb2 Re7 
74. Qc3 Qc8 75. Qb2 Qd8 76. Qa2 Qc8 77. Qb2 Qd8 78. Bd3 Qa8 79. Bb1 Bd7 
80. Bd3 Bc6 81. Bb1 Nh7 82. Kf2 Nf6 83. Kg2 Ra7 84. Qc2 Ra3 85. Rxa3 Qxa3 
86. Ned3 Qa8 87. Qc1 Ng4 88. Kf3 Qa7 89. Bc2 Qa2 90. Qb2 Qa7 91. Qc1 Qa2 
92. Qb2 Qa8 93. Nf2 Qb8 94. Nxg4 hxg4+ 95. Kxg4 Bxg3 96. Nd3 Bd6 97. Ne5 Qb6 
98. Nxc6 Qxc6 99. Bd1 Be7 100. Bb3 Qf6 101. Qf2 Bxb4 102. Bxd5 Bc3 
103. Qe3 Qxd4+ 104. Qxd4 Bxd4 105. Bb3 Kf8 106. Kf3 Bf6 107. h5 Ke7 108. Ke4 b4 
109. Bc4 Bg5 110. Bb3 Bf6 111. Bc4 Bc3 112. Ba2 Kf8 113. Bb3 Ke7 114. Ba2 Bd2 
115. Bb3 Be1 116. Bc4 Bd2 117. Bb3 Kf6 118. Bd5 Bh6 119. Ba2 Bg5 120. Bd5 Bd2 
121. Bb3 Bg5 122. Bd5 Bd2 123. Bb3 Kg5 124. Kd3 Bf4 125. Bxf7 Kxf5 126. Bg8 Kg5 
127. Bf7 Bg3 128. Kc4 Bd6 129. Kb3 Kf4 130. Kc4 Kg3 131. Be8 Kf3 132. Bc6+ Kf4 
133. Bd5 Bf8 134. Bg8 Kg5 135. Bf7 Kf6 136. Bg6 Bd6 137. Be4 Ke5 138. Bc6 Kf4 
139. Bd5 Kg5 140. Bf7 Kf6 141. Bg6 Be7 142. Be8 Bd6 143. Bg6 Be7 144. Be8 Kg5 
145. Bg6 Kh6 146. Kb3 Kg5 147. Kc4 Kh4 148. Bf7 Bd6 149. Be8 Kh3 150. Bf7 Kg4 
151. Bg6 Be7 152. Bf7 Bd6 153. Bg6 Be7 154. Bf7 Kh3 155. Bg6 Kg3 156. Bf7 Kf2 
157. Bg6 Kg3 158. Bf7 Kg2 159. Bd5+ Kh3 160. Be6+ Kh4 161. Bf7 Kg4 162. Bg6 Bd6 
163. Be8 Kg3 164. Bg6 b3 165. Kxb3 1/2-1/2

[Event "Sunday07 January Rapid Engine Tour 12+1 Rounds 9 Starts 1600 ST"]
[Site "Infinity Chess"]
[Date "2018.1.7"]
[Round "5"]
[White "NINJA_JENGKA"]
[Black "miguello"]
[Result "1/2-1/2"]
[ECO "D02"]
[WhiteElo "2425"]
[BlackElo "2412"]
[WhiteEngine "Houdini 6_CTG"]
[BlackEngine "asmFishW_2017-11-19_popcnt_CTG"]
[EventType "Swiss"]
[WhiteTeam ""]
[BlackTeam ""]
[PlyCount "188"]
[TimeControl "720+1"]

1. d4 d5 2. Nf3 Nf6 3. c4 c6 4. Nc3 e6 5. e3 Nbd7 6. Qc2 Bd6 7. Bd3 O-O 
8. O-O dxc4 9. Bxc4 b5 10. Be2 Bb7 11. e4 e5 12. Be3 Re8 13. dxe5 Nxe5 
14. h3 Nxf3+ 15. Bxf3 Qe7 16. Rfe1 a6 17. a3 Rab8 18. g3 c5 19. Nd5 Nxd5 
20. exd5 Qc7 21. Rac1 Rbd8 22. Qd2 c4 23. Bd4 h6 24. Bc3 Bc5 25. Kh2 Qd6 
26. Ba5 Rxe1 27. Rxe1 Bb6 28. Bc3 Qc5 29. Re2 Qd6 30. Be5 Qd7 31. Qf4 f6 
32. Bxf6 Bc7 33. Be5 Rf8 34. Bxc7 Rxf4 35. Bxf4 b4 36. axb4 g5 37. Bg4 Qb5 
38. Be6+ Kh7 39. Bf5+ Kg8 40. Bd6 Bxd5 41. Re7 Qb6 42. Bc5 Qf6 43. Bh7+ Kh8 
44. Rd7 Be6 45. Bd4 Bxd7 46. Bxf6+ Kxh7 47. g4 Kg6 48. Be7 h5 49. Kg3 hxg4 
50. hxg4 Ba4 51. f3 Bb3 52. Bd6 Bc2 53. f4 gxf4+ 54. Bxf4 Bd1 55. Bc7 Kf6 
56. Kf4 Bc2 57. g5+ Ke6 58. Ke3 Kf5 59. Kd2 Be4 60. Bd8 Ke5 61. Bf6+ Ke6 
62. Ke3 Kd5 63. Ke2 Kc6 64. Bc3 Kd5 65. Kf2 Bg6 66. Kf3 Kc6 67. Bd2 Kd5 
68. Be3 Bc2 69. Bg1 Bd3 70. Bb6 Be4+ 71. Kf2 Kc6 72. Be3 Bg6 73. Ke2 Bh5+ 
74. Kd2 Kd5 75. Bb6 Ke4 76. Kc3 Bf7 77. Bc7 Be6 78. Kc2 Kf5 79. Bd8 Bf7 
80. Kd1 Kf4 81. Ke2 Ke4 82. Bc7 Bg6 83. Kf2 Bh5 84. Bd8 Kd3 85. Bf6 Ke4 
86. Kg3 Bg6 87. Kg4 Bf7 88. Bd8 Be8 89. Bb6 Bf7 90. Bf2 Be8 91. Bc5 Kd3 
92. Kf5 c3 93. bxc3 Kxc3 94. b5 Bxb5 1/2-1/2

[Event "Sunday07 January Rapid Engine Tour 12+1 Rounds 9 Starts 1600 ST"]
[Site "Infinity Chess"]
[Date "2018.1.7"]
[Round "5"]
[White "RonWeasley"]
[Black "ocirema"]
[Result "1/2-1/2"]
[ECO "A00"]
[WhiteElo "2439"]
[BlackElo "2434"]
[WhiteEngine "BrainFish 060118_CTG"]
[BlackEngine "Stockfish_18010423_720_x64_modern_BYO_RW_CTG"]
[EventType "Swiss"]
[WhiteTeam ""]
[BlackTeam ""]
[PlyCount "87"]
[TimeControl "720+1"]

1. a3 c5 2. e3 Nc6 3. d4 cxd4 4. exd4 d5 5. h3 Bf5 6. Nf3 Nf6 7. Bd3 e6 
8. O-O Bxd3 9. Qxd3 Bd6 10. Bg5 h6 11. Bxf6 Qxf6 12. Nbd2 O-O 13. c3 Rac8 
14. Rfe1 h5 15. Rad1 Rfd8 16. g3 Ne7 17. Kg2 Nf5 18. Ne5 Qh6 19. Qb5 Rc7 
20. Ndf3 Be7 21. h4 Rdc8 22. Qa4 a6 23. Re2 Bd6 24. Ng5 Qf6 25. Nd3 Qd8 
26. Rde1 Qe8 27. Qd1 Re7 28. Qd2 g6 29. Nh3 Qf8 30. Ne5 Qg7 31. Qd3 f6 
32. Nf3 Rce8 33. Qd2 Qh6 34. Qd1 Qh7 35. Qc2 b5 36. Nh2 Qf7 37. Qd3 Kg7 
38. Nf1 Bb8 39. Ne3 Nd6 40. Qc2 Ne4 41. Nf1 Nd6 42. Ne3 Ne4 43. Nf1 Nd6 44. Ne3 
1/2-1/2

[Event "Sunday07 January Rapid Engine Tour 12+1 Rounds 9 Starts 1600 ST"]
[Site "Infinity Chess"]
[Date "2018.1.7"]
[Round "5"]
[White "Prometheus"]
[Black "Murx"]
[Result "1/2-1/2"]
[ECO "D31"]
[WhiteElo "2440"]
[BlackElo "2456"]
[WhiteEngine "Eman 1.58-64bit-IDeA"]
[BlackEngine "BrainFish_171226_x64_modern"]
[EventType "Swiss"]
[WhiteTeam ""]
[BlackTeam ""]
[PlyCount "108"]
[TimeControl "720+1"]

1. d4 d5 2. c4 e6 3. Nc3 c6 4. e4 dxe4 5. Nxe4 Bb4+ 6. Nc3 c5 7. Nf3 Nf6 
8. Be2 Ne4 9. Qd3 Qa5 10. Qxe4 Bxc3+ 11. Kf1 Bxd4 12. Nxd4 cxd4 13. Qxd4 O-O 
14. Bd2 Nc6 15. Bxa5 Nxd4 16. Bd3 e5 17. Rd1 Bf5 18. Bxf5 Nxf5 19. g4 Nh4 
20. Ke2 f5 21. Rhg1 Rf7 22. Rd8+ Rxd8 23. Bxd8 Ng6 24. Bg5 fxg4 25. Rxg4 Rc7 
26. Kd3 Kf7 27. Be3 Ke6 28. b3 a6 29. Ke4 Nf8 30. f4 exf4 31. Rxf4 Nd7 
32. Kd3 Ne5+ 33. Ke4 Nf7 34. c5 Ng5+ 35. Kd3 Rd7+ 36. Kc2 Nf7 37. Rh4 h6 
38. Re4+ Ne5 39. b4 Kd5 40. Rd4+ Kc6 41. h4 Rxd4 42. Bxd4 Nf3 43. Bxg7 Nxh4 
44. Bxh6 Nf5 45. Bc1 a5 46. bxa5 Kxc5 47. Kd3 Kb5 48. Ke4 b6 49. Bf4 Nd6+ 
50. Kf3 Nf5 51. Ke4 Nd6+ 52. Kd3 Nf5 53. Bd2 bxa5 54. Kc3 Nd6 1/2-1/2

[Event "Sunday07 January Rapid Engine Tour 12+1 Rounds 9 Starts 1600 ST"]
[Site "Infinity Chess"]
[Date "2018.1.7"]
[Round "5"]
[White "Susanne"]
[Black "Vimtiroba"]
[Result "1/2-1/2"]
[ECO "C50"]
[WhiteElo "2472"]
[BlackElo "2450"]
[WhiteEngine "BrainFish_180106_x64_bmi2_CTG"]
[BlackEngine "Corchess@ T2_CTG"]
[EventType "Swiss"]
[WhiteTeam ""]
[BlackTeam ""]
[PlyCount "133"]
[TimeControl "720+1"]

1. e4 e5 2. Nf3 Nc6 3. Bc4 Bc5 4. O-O Nf6 5. d3 d6 6. c3 a5 7. Bg5 Ba7 8. Bh4 h6 
9. Na3 g5 10. Bg3 Qe7 11. Bb5 Bg4 12. Nc4 h5 13. h3 Bxf3 14. gxf3 Kf8 
15. Ne3 Qe6 16. Kg2 Rg8 17. Bc4 Qd7 18. Rc1 Bb6 19. Bb5 Qe6 20. Rg1 Bxe3 
21. fxe3 Qxa2 22. Qe2 Qe6 23. d4 Nd8 24. Bc4 Qe7 25. Kh1 a4 26. Bd3 Qd7 
27. Qf1 h4 28. Bh2 Ra5 29. Ra1 b6 30. Bc2 exd4 31. cxd4 Nh5 32. Qg2 b5 
33. Rgc1 Ng3+ 34. Bxg3 hxg3 35. Qxg3 Rh8 36. Kg2 Ra7 37. Bd3 Rb7 38. Rg1 c6 
39. Kh2 f6 40. Rae1 Qe6 41. d5 Qe5 42. Qxe5 dxe5 43. Rc1 cxd5 44. exd5 Ke7 
45. Kg3 Nf7 46. Rc6 Nd6 47. Ra6 Kd7 48. Rg2 Rc7 49. e4 Rh4 50. Rb6 Ke7 
51. Bxb5 a3 52. Bd3 Ra7 53. bxa3 Rxa3 54. Bb1 f5 55. exf5 e4 56. f6+ Kd7 
57. Kh2 Rxf3 58. Rxg5 Rfxh3+ 59. Kg1 Rh1+ 60. Kf2 e3+ 61. Kg3 R1h3+ 62. Kg2 Rh2+ 
63. Kf3 R4h3+ 64. Kf4 Rh4+ 65. Kf3 R4h3+ 66. Kg4 Rh4+ 67. Kf3 1/2-1/2